3030 views
Uploaded 2020-02-23 15:47:15
Game version 1.32 / 1.32.1
20:24 long 3on3 ladder game on (6)ThunderLake_LV
Saved by iggythefisk
3030 views
Uploaded 2020-02-23 15:47:15
Game version 1.32 / 1.32.1
20:24 long 3on3 ladder game on (6)ThunderLake_LV


81 units @ 10k
/ 1.1k
40 buildings @ 6.7k
/ 2.8k


| Wisp | 21 | 1260 | / | 0 |
| Archer | 3 | 390 | / | 30 |
| Huntress | 5 | 975 | / | 100 |
| Glaive Thrower | 5 | 1050 | / | 325 |
| Dryad | 5 | 725 | / | 300 |
| total: | 39 | 4400g | / | 755w |
| Ancient Protector | 1 | 135 | / | 80 |
| Altar of Elders | 1 | 180 | / | 50 |
| Moon Well | 5 | 900 | / | 200 |
| Ancient of War | 1 | 150 | / | 60 |
| Hunter's Hall | 1 | 210 | / | 100 |
| Ancient of Wonders | 1 | 90 | / | 30 |
| Tree of Life | 1 | 340 | / | 185 |
| Ancient of Lore | 2 | 310 | / | 290 |
| Tree of Ages | 1 | 320 | / | 180 |
| total: | 13 | 2315g | / | 995w |
| 0:04 | Wisp |
| 0:04 | Wisp |
| 0:14 | Altar of Elders |
| 0:24 | Moon Well |
| 0:29 | Wisp |
| 0:33 | Ancient of War |
| 0:39 | Wisp |
| 0:39 | Wisp |
| 0:49 | Wisp |
| 0:52 | Wisp |
| 1:38 | Archer |
| 1:39 | Archer |
| 1:41 | Wisp |
| 2:05 | Moon Well |
| 2:07 | Wisp |
| 2:07 | Wisp |
| 2:34 | Entangling Roots |
| 2:58 | Archer |
| 3:00 | Moon Well |
| 3:04 | Hunter's Hall |
| 3:55 | Moon Well |
| 4:00 | Wisp |
| 4:00 | Wisp |
| 4:06 | Ancient Protector |
| 4:15 | Ancient of Wonders |
| 4:31 | Force of Nature |
| 4:38 | Huntress |
| 4:38 | Huntress |
| 4:39 | Glaive Thrower |
| 5:17 | Huntress |
| 5:18 | Glaive Thrower |
| 5:46 | Glaive Thrower |
| 5:49 | Tree of Ages |
| 6:39 | Entangling Roots |
| 6:46 | Moon Well |
| 7:26 | Huntress |
| 7:26 | Huntress |
| 8:10 | Wisp |
| 8:30 | Tree of Life |
| 8:33 | Wisp |
| 8:33 | Wisp |
| 8:34 | Wisp |
| 8:39 | Ancient of Lore |
| 8:43 | Ancient of Lore |
| 10:06 | Glaive Thrower |
| 10:08 | Glaive Thrower |
| 10:11 | Dryad |
| 10:11 | Dryad |
| 10:11 | Dryad |
| 10:12 | Dryad |
| 10:52 | Dryad |
| 10:58 | Wisp |
| 10:58 | Wisp |
| 10:58 | Wisp |
| 11:37 | Mana Burn |
| 12:48 | Wisp |
| 12:48 | Wisp |
| Right click | 785 |
| Select | 337 |
| Chat | 158 |
| Build/train/purchase | 49 |
| Use ability | 15 |
| Misc. action | 5 |
| Remove unit | 1 |


| Healing Salve | 2 | 200 |
| Potion of Healing | 1 | 150 |
| Scroll of Speed | 1 | 50 |
| total: | 4 | 400g |
| Peon | 10 | 750 | / | 0 |
| Grunt | 5 | 1000 | / | 0 |
| Shaman | 6 | 780 | / | 120 |
| Spirit Walker | 1 | 195 | / | 35 |
| Demolisher | 1 | 220 | / | 50 |
| Razormane Medicine Man | 1 | 350 | / | 60 |
| total: | 24 | 3295g | / | 265w |
| Watch Tower | 1 | 110 | / | 80 |
| Orc Burrow | 6 | 960 | / | 240 |
| Altar of Storms | 1 | 180 | / | 50 |
| Barracks | 1 | 180 | / | 50 |
| Voodoo Lounge | 1 | 130 | / | 30 |
| War Mill | 1 | 205 | / | 0 |
| Great Hall | 1 | 385 | / | 185 |
| Spirit Lodge | 2 | 300 | / | 300 |
| Tauren Totem | 1 | 135 | / | 155 |
| Stronghold | 1 | 315 | / | 190 |
| Fortress | 1 | 325 | / | 190 |
| total: | 15 | 2585g | / | 1090w |
| 0:02 | Peon |
| 0:02 | Peon |
| 0:06 | Orc Burrow |
| 0:18 | Altar of Storms |
| 0:21 | Peon |
| 0:34 | Peon |
| 0:42 | Peon |
| 1:01 | Barracks |
| 1:04 | Peon |
| 1:05 | Peon |
| 1:45 | Orc Burrow |
| 1:50 | Peon |
| 1:59 | Voodoo Lounge |
| 2:09 | Peon |
| 2:09 | Peon |
| 2:20 | Orc Burrow |
| 2:51 | War Mill |
| 3:01 | Wind Walk |
| 3:52 | Grunt |
| 4:04 | Stronghold |
| 4:06 | Grunt |
| 4:06 | Grunt |
| 4:24 | Grunt |
| 4:41 | Watch Tower |
| 4:51 | Grunt |
| 5:50 | Orc Burrow |
| 6:41 | Spirit Lodge |
| 6:45 | Spirit Lodge |
| 7:52 | Healing Wave |
| 8:25 | Shaman |
| 8:25 | Shaman |
| 8:26 | Shaman Adept Training |
| 8:50 | Healing Salve |
| 8:50 | Potion of Healing |
| 8:51 | Healing Salve |
| 8:56 | Scroll of Speed |
| 9:11 | Shaman |
| 9:13 | Fortress |
| 9:18 | Tauren Totem |
| 9:30 | Critical Strike |
| 9:49 | Serpent Ward |
| 9:57 | Razormane Medicine Man |
| 10:09 | Orc Burrow |
| 10:17 | Great Hall |
| 10:42 | Spirit Walker |
| 10:44 | Shaman |
| 11:03 | Shaman |
| 11:25 | Demolisher |
| 12:42 | Orc Burrow |
| 12:44 | Spirit Walker Adept Training |
| 12:46 | Shaman Master Training |
| 12:47 | Shaman |
| Right click | 677 |
| Select | 289 |
| Build/train/purchase | 48 |
| Use ability | 20 |
| Assign group | 4 |
| Misc. action | 2 |
| Select group | 2 |
| Remove unit | 1 |
| Minimap ping | 1 |


| Healing Salve | 1 | 100 |
| Lesser Clarity Potion | 3 | 210 |
| total: | 4 | 310g |
| Peon | 11 | 825 | / | 0 |
| Grunt | 6 | 1200 | / | 0 |
| Tauren | 1 | 280 | / | 80 |
| total: | 18 | 2305g | / | 80w |
| Watch Tower | 2 | 220 | / | 160 |
| Altar of Storms | 1 | 180 | / | 50 |
| Orc Burrow | 4 | 640 | / | 160 |
| Barracks | 1 | 180 | / | 50 |
| Voodoo Lounge | 1 | 130 | / | 30 |
| War Mill | 1 | 205 | / | 0 |
| Tauren Totem | 2 | 270 | / | 310 |
| Stronghold | 1 | 315 | / | 190 |
| Fortress | 1 | 325 | / | 190 |
| total: | 12 | 1825g | / | 760w |
| 0:02 | Peon |
| 0:03 | Peon |
| 0:07 | Altar of Storms |
| 0:12 | Orc Burrow |
| 0:29 | Barracks |
| 0:38 | Peon |
| 0:38 | Peon |
| 0:50 | Peon |
| 1:20 | Peon |
| 1:31 | Grunt |
| 1:40 | Orc Burrow |
| 2:00 | Peon |
| 2:00 | Peon |
| 2:08 | Peon |
| 2:33 | Grunt |
| 2:49 | Healing Wave |
| 3:10 | Grunt |
| 3:13 | Stronghold |
| 3:38 | Grunt |
| 3:58 | Voodoo Lounge |
| 4:01 | Orc Burrow |
| 4:16 | War Mill |
| 4:52 | Hex |
| 5:33 | Healing Salve |
| 5:37 | Lesser Clarity Potion |
| 5:59 | Grunt |
| 6:26 | Peon |
| 6:27 | Peon |
| 6:35 | Lesser Clarity Potion |
| 6:36 | Lesser Clarity Potion |
| 7:16 | Endurance Aura |
| 7:23 | Fortress |
| 7:27 | Tauren Totem |
| 7:29 | Tauren Totem |
| 7:37 | Grunt |
| 8:40 | Steel Armor |
| 8:40 | Steel Melee Weapons |
| 8:46 | Watch Tower |
| 8:51 | Watch Tower |
| 9:25 | Healing Wave |
| 10:06 | Pulverize |
| 10:07 | Tauren |
| 10:10 | Berserker Strength |
| 10:22 | Thorium Armor |
| 12:28 | Orc Burrow |
| Right click | 319 |
| Select group | 251 |
| Select | 180 |
| Build/train/purchase | 58 |
| Assign group | 25 |
| Use ability | 24 |
| Misc. action | 12 |
| Item give/drop | 3 |
| Minimap ping | 3 |
95 units @ 10.3k
/ 1.6k
146 buildings @ 14.6k
/ 8.6k


| Healing Salve | 2 | 200 |
| Lesser Clarity Potion | 3 | 210 |
| Orb of Lightning | 2 | 750 |
| Staff of Teleportation | 2 | 300 |
| Boots of Speed | 3 | 750 |
| Circlet of Nobility | 1 | 175 |
| total: | 13 | 2385g |
| Peon | 18 | 1350 | / | 0 |
| Troll Batrider | 8 | 1280 | / | 320 |
| total: | 26 | 2630g | / | 320w |
| Watch Tower | 25 | 2750 | / | 2000 |
| Altar of Storms | 1 | 180 | / | 50 |
| Orc Burrow | 3 | 480 | / | 120 |
| War Mill | 1 | 205 | / | 0 |
| Voodoo Lounge | 3 | 390 | / | 90 |
| Great Hall | 2 | 770 | / | 370 |
| Beastiary | 2 | 290 | / | 280 |
| Stronghold | 1 | 315 | / | 190 |
| Fortress | 1 | 325 | / | 190 |
| total: | 37 | 5065g | / | 2910w |
| 0:05 | Peon |
| 0:05 | Peon |
| 0:08 | Altar of Storms |
| 0:14 | Orc Burrow |
| 0:25 | Peon |
| 0:39 | Peon |
| 0:45 | War Mill |
| 0:49 | Peon |
| 1:03 | Peon |
| 1:16 | Peon |
| 1:30 | Peon |
| 1:47 | Peon |
| 1:51 | Voodoo Lounge |
| 1:55 | Peon |
| 2:03 | Orc Burrow |
| 2:07 | Shockwave |
| 2:15 | Watch Tower |
| 2:19 | Peon |
| 2:50 | Voodoo Lounge |
| 2:55 | Peon |
| 2:55 | Peon |
| 2:55 | Peon |
| 3:13 | Voodoo Lounge |
| 3:18 | Watch Tower |
| 3:25 | Peon |
| 3:34 | Healing Salve |
| 3:34 | Lesser Clarity Potion |
| 3:40 | Stronghold |
| 4:10 | Staff of Teleportation |
| 4:10 | Boots of Speed |
| 4:17 | Boots of Speed |
| 4:33 | Watch Tower |
| 5:28 | Orc Burrow |
| 5:36 | Watch Tower |
| 5:39 | Watch Tower |
| 5:46 | Watch Tower |
| 5:48 | Endurance Aura |
| 6:38 | Fortress |
| 6:44 | Watch Tower |
| 6:57 | Watch Tower |
| 7:06 | Healing Wave |
| 7:16 | Beastiary |
| 8:18 | Watch Tower |
| 8:19 | Watch Tower |
| 8:31 | Staff of Teleportation |
| 8:31 | Boots of Speed |
| 8:40 | Troll Batrider |
| 8:40 | Troll Batrider |
| 9:07 | Hex |
| 9:26 | Watch Tower |
| 9:34 | Watch Tower |
| 9:35 | Watch Tower |
| 9:47 | Orb of Lightning |
| 10:53 | Great Hall |
| 10:57 | Watch Tower |
| 10:57 | Watch Tower |
| 11:09 | Watch Tower |
| 11:18 | Watch Tower |
| 11:19 | Watch Tower |
| 11:21 | Shockwave |
| 11:34 | Troll Batrider |
| 11:42 | Liquid Fire |
| 12:09 | Watch Tower |
| 12:10 | Watch Tower |
| 12:16 | Healing Salve |
| 12:16 | Lesser Clarity Potion |
| 12:40 | Lesser Clarity Potion |
| 12:59 | Orb of Lightning |
| 13:08 | Watch Tower |
| 14:34 | Healing Wave |
| 15:04 | Watch Tower |
| 15:12 | Peon |
| 15:13 | Peon |
| 15:24 | Watch Tower |
| 15:24 | Watch Tower |
| 15:27 | Troll Batrider |
| 15:28 | Troll Batrider |
| 15:29 | Beastiary |
| 16:04 | Steel Ranged Weapons |
| 16:21 | Circlet of Nobility |
| 17:06 | Peon |
| 17:08 | Troll Batrider |
| 17:08 | Troll Batrider |
| 17:37 | Troll Batrider |
| 17:56 | Endurance Aura |
| 18:57 | Great Hall |
| 18:58 | Watch Tower |
| 19:26 | Hex |
| Right click | 936 |
| Select group | 736 |
| Chat | 234 |
| Select | 210 |
| Build/train/purchase | 69 |
| Use ability | 49 |
| Misc. action | 47 |
| Assign group | 16 |
| Minimap ping | 11 |
| Item give/drop | 8 |
| Esc | 4 |



| Healing Salve | 4 | 400 |
| Lesser Clarity Potion | 4 | 280 |
| Boots of Speed | 2 | 500 |
| Staff of Teleportation | 3 | 450 |
| total: | 13 | 1630g |
| Peon | 15 | 1125 | / | 0 |
| Troll Batrider | 7 | 1120 | / | 280 |
| total: | 22 | 2245g | / | 280w |
| Watch Tower | 24 | 2640 | / | 1920 |
| Altar of Storms | 1 | 180 | / | 50 |
| Orc Burrow | 3 | 480 | / | 120 |
| War Mill | 1 | 205 | / | 0 |
| Voodoo Lounge | 1 | 130 | / | 30 |
| Great Hall | 2 | 770 | / | 370 |
| Beastiary | 1 | 145 | / | 140 |
| Stronghold | 1 | 315 | / | 190 |
| Fortress | 1 | 325 | / | 190 |
| total: | 33 | 4550g | / | 2630w |
| 0:01 | Peon |
| 0:03 | Altar of Storms |
| 0:14 | Peon |
| 0:17 | Orc Burrow |
| 0:19 | Peon |
| 0:38 | Peon |
| 0:47 | War Mill |
| 0:55 | Peon |
| 1:16 | Peon |
| 1:26 | Peon |
| 1:34 | Voodoo Lounge |
| 1:42 | Peon |
| 2:03 | Watch Tower |
| 2:04 | Peon |
| 2:07 | Peon |
| 2:09 | Wind Walk |
| 2:20 | Spiked Barricades |
| 2:28 | Watch Tower |
| 2:46 | Watch Tower |
| 3:12 | Watch Tower |
| 3:22 | Orc Burrow |
| 3:39 | Watch Tower |
| 4:00 | Watch Tower |
| 4:16 | Boots of Speed |
| 4:17 | Staff of Teleportation |
| 4:24 | Stronghold |
| 4:30 | Healing Salve |
| 4:31 | Lesser Clarity Potion |
| 4:33 | Lesser Clarity Potion |
| 4:33 | Healing Salve |
| 4:46 | Watch Tower |
| 5:07 | Watch Tower |
| 5:19 | Watch Tower |
| 6:05 | Watch Tower |
| 6:20 | Watch Tower |
| 6:20 | Watch Tower |
| 6:55 | Critical Strike |
| 7:02 | Peon |
| 7:03 | Peon |
| 7:13 | Watch Tower |
| 7:15 | Healing Salve |
| 7:15 | Lesser Clarity Potion |
| 7:18 | Healing Salve |
| 7:18 | Lesser Clarity Potion |
| 7:25 | Peon |
| 7:43 | Healing Wave |
| 8:24 | Fortress |
| 8:30 | Watch Tower |
| 8:36 | Improved Spiked Barricades |
| 8:45 | Watch Tower |
| 8:46 | Watch Tower |
| 9:18 | Great Hall |
| 9:27 | Watch Tower |
| 9:27 | Watch Tower |
| 9:28 | Watch Tower |
| 9:29 | Watch Tower |
| 10:04 | Boots of Speed |
| 10:07 | Watch Tower |
| 10:22 | Beastiary |
| 10:36 | Staff of Teleportation |
| 10:36 | Staff of Teleportation |
| 10:56 | Watch Tower |
| 11:38 | Liquid Fire |
| 11:39 | Troll Batrider |
| 11:48 | Peon |
| 11:48 | Peon |
| 12:43 | Troll Batrider |
| 12:54 | Watch Tower |
| 12:55 | Watch Tower |
| 13:08 | War Stomp |
| 13:28 | Wind Walk |
| 14:03 | Hex |
| 15:27 | Troll Batrider |
| 15:28 | Troll Batrider |
| 15:29 | Steel Ranged Weapons |
| 15:43 | Orc Burrow |
| 15:54 | Troll Batrider |
| 16:41 | Thorium Ranged Weapons |
| 16:57 | Endurance Aura |
| 17:12 | Troll Batrider |
| 17:21 | Troll Batrider |
| 17:47 | Healing Wave |
| 18:03 | Arcanite Ranged Weapons |
| 18:25 | Critical Strike |
| 19:14 | Endurance Aura |
| 19:20 | Great Hall |
| Right click | 798 |
| Assign group | 541 |
| Select group | 359 |
| Chat | 295 |
| Select | 208 |
| Build/train/purchase | 121 |
| Use ability | 37 |
| Misc. action | 33 |
| Minimap ping | 3 |
| Item give/drop | 2 |


x1)
| Staff of Teleportation | 2 | 300 |
| Tome of Retraining | 1 | 300 |
| Boots of Speed | 2 | 500 |
| Healing Salve | 1 | 100 |
| total: | 6 | 1200g |
| Peasant | 31 | 2325 | / | 0 |
| Siege Engine | 16 | 3120 | / | 960 |
| total: | 47 | 5445g | / | 960w |
| Scout Tower | 46 | 1380 | / | 920 |
| Arcane Tower | 6 | 420 | / | 300 |
| Guard Tower | 30 | 2100 | / | 1500 |
| Altar of Kings | 1 | 180 | / | 50 |
| Farm | 14 | 1120 | / | 280 |
| Lumber Mill | 1 | 120 | / | 0 |
| Town Hall | 1 | 385 | / | 205 |
| Arcane Vault | 1 | 130 | / | 30 |
| Blacksmith | 1 | 140 | / | 60 |
| Arcane Sanctum | 1 | 150 | / | 140 |
| Workshop | 10 | 1400 | / | 1400 |
| Keep | 1 | 320 | / | 210 |
| Castle | 1 | 360 | / | 210 |
| total: | 76 | 5005g | / | 3085w |
| 0:01 | Peasant |
| 0:02 | Altar of Kings |
| 0:18 | Farm |
| 0:19 | Peasant |
| 0:36 | Peasant |
| 0:45 | Scout Tower |
| 0:50 | Scout Tower |
| 0:51 | Peasant |
| 0:59 | Peasant |
| 1:15 | Arcane Tower |
| 1:17 | Lumber Mill |
| 1:26 | Peasant |
| 1:29 | Peasant |
| 1:33 | Scout Tower |
| 1:37 | Scout Tower |
| 1:57 | Peasant |
| 2:03 | Farm |
| 2:04 | Farm |
| 2:09 | Peasant |
| 2:14 | Scout Tower |
| 2:21 | Guard Tower |
| 2:26 | Guard Tower |
| 2:31 | Scout Tower |
| 2:36 | Summon Water Elemental |
| 2:42 | Scout Tower |
| 3:06 | Guard Tower |
| 3:07 | Peasant |
| 3:08 | Scout Tower |
| 3:14 | Guard Tower |
| 3:17 | Scout Tower |
| 3:18 | Scout Tower |
| 3:20 | Peasant |
| 3:24 | Farm |
| 3:26 | Guard Tower |
| 3:34 | Peasant |
| 3:39 | Scout Tower |
| 3:41 | Scout Tower |
| 3:45 | Peasant |
| 3:51 | Arcane Tower |
| 4:03 | Guard Tower |
| 4:07 | Guard Tower |
| 4:09 | Peasant |
| 4:12 | Peasant |
| 4:39 | Brilliance Aura |
| 4:43 | Peasant |
| 4:43 | Peasant |
| 4:59 | Peasant |
| 5:19 | Town Hall |
| 5:26 | Scout Tower |
| 5:27 | Scout Tower |
| 5:28 | Guard Tower |
| 5:34 | Peasant |
| 5:38 | Guard Tower |
| 5:39 | Scout Tower |
| 5:48 | Peasant |
| 6:09 | Keep |
| 6:20 | Scout Tower |
| 6:21 | Scout Tower |
| 6:31 | Scout Tower |
| 6:41 | Guard Tower |
| 6:42 | Guard Tower |
| 7:01 | Scout Tower |
| 7:03 | Guard Tower |
| 7:04 | Peasant |
| 7:04 | Peasant |
| 7:07 | Arcane Tower |
| 7:09 | Peasant |
| 7:19 | Guard Tower |
| 7:22 | Scout Tower |
| 7:22 | Scout Tower |
| 7:25 | Scout Tower |
| 7:29 | Guard Tower |
| 7:31 | Scout Tower |
| 8:19 | Guard Tower |
| 8:23 | Scout Tower |
| 8:25 | Scout Tower |
| 8:27 | Scout Tower |
| 8:28 | Scout Tower |
| 8:37 | Healing Salve |
| 8:54 | Guard Tower |
| 8:55 | Scout Tower |
| 8:56 | Scout Tower |
| 8:57 | Guard Tower |
| 9:15 | Staff of Teleportation |
| 9:20 | Tome of Retraining |
| 9:20 | Retrain Hero |
| 9:22 | Blizzard |
| 9:22 | Brilliance Aura |
| 9:23 | Boots of Speed |
| 9:28 | Guard Tower |
| 9:30 | Peasant |
| 9:33 | Improved Masonry |
| 9:38 | Guard Tower |
| 10:00 | Blizzard |
| 10:06 | Guard Tower |
| 10:09 | Scout Tower |
| 10:13 | Scout Tower |
| 10:14 | Scout Tower |
| 10:17 | Arcane Sanctum |
| 10:22 | Peasant |
| 10:23 | Peasant |
| 10:24 | Peasant |
| 10:25 | Peasant |
| 10:30 | Guard Tower |
| 10:32 | Scout Tower |
| 10:33 | Scout Tower |
| 10:34 | Scout Tower |
| 10:35 | Scout Tower |
| 10:37 | Scout Tower |
| 10:38 | Scout Tower |
| 10:39 | Scout Tower |
| 11:01 | Guard Tower |
| 11:02 | Scout Tower |
| 11:03 | Guard Tower |
| 11:07 | Peasant |
| 11:08 | Peasant |
| 11:10 | Peasant |
| 11:20 | Storm Bolt |
| 11:44 | Guard Tower |
| 11:46 | Magic Sentry |
| 11:48 | Castle |
| 11:50 | Farm |
| 11:51 | Farm |
| 11:56 | Arcane Vault |
| 12:00 | Guard Tower |
| 12:01 | Arcane Tower |
| 12:05 | Arcane Tower |
| 13:37 | Staff of Teleportation |
| 13:37 | Boots of Speed |
| 14:08 | Scout Tower |
| 14:08 | Scout Tower |
| 15:02 | Brilliance Aura |
| 15:08 | Guard Tower |
| 15:17 | Scout Tower |
| 15:17 | Scout Tower |
| 15:17 | Scout Tower |
| 15:18 | Scout Tower |
| 15:29 | Blacksmith |
| 16:02 | Bash |
| 16:33 | Farm |
| 16:33 | Farm |
| 16:33 | Farm |
| 16:34 | Farm |
| 16:34 | Farm |
| 16:46 | Workshop |
| 16:47 | Workshop |
| 16:50 | Black Gunpowder |
| 16:54 | Workshop |
| 17:03 | Workshop |
| 17:04 | Workshop |
| 17:09 | Workshop |
| 17:16 | Farm |
| 17:34 | Siege Engine |
| 17:37 | Workshop |
| 17:38 | Workshop |
| 17:40 | Workshop |
| 17:40 | Workshop |
| 17:44 | Siege Engine |
| 17:56 | Refined Gunpowder |
| 18:05 | Siege Engine |
| 18:08 | Siege Engine |
| 18:11 | Siege Engine |
| 18:14 | Farm |
| 18:14 | Farm |
| 18:18 | Siege Engine |
| 18:22 | Siege Engine |
| 18:42 | Siege Engine |
| 18:43 | Siege Engine |
| 18:49 | Siege Engine |
| 18:56 | Siege Engine |
| 18:58 | Siege Engine |
| 19:16 | Siege Engine |
| 19:18 | Siege Engine |
| 19:19 | Siege Engine |
| 19:21 | Siege Engine |
| 19:34 | Imbued Gunpowder |
| Right click | 879 |
| Select | 644 |
| Build/train/purchase | 161 |
| Select group | 142 |
| Chat | 64 |
| Assign group | 54 |
| Use ability | 30 |
| Misc. action | 27 |
| Minimap ping | 6 |
| Item give/drop | 2 |
| Remove unit | 2 |
⇛